AoeStats
← Milos_kbg

Arabia

503986410Analyzed
1v1 RM · 1mo ago on Sep 3, 2026· 46m 7s· 2 players
Game mode
Random Map
Map size
Tiny (2 player)
Population
200
Speed
Normal
Resources
Standard
Victory
Conquest
Starting age
Dark Age
Ending age
Imperial Age
RankedLock teamsTeams togetherTeam positionsShared explorationLock speedFull tech treeHidden civsTurbo modeCheats
Victory
Defeat
🇪🇸 Magyars · Spain
673
+19
🇪🇸 Byzantines · Spain
733
-19
Grimor
6:24 Loom
10:16 Feudal Age
17:01 Scale Barding Armor
17:36 Wheelbarrow
16:45 Horse Collar
19:29 Double-Bit Axe
22:01 Bloodlines
26:21 Castle Age
25:14 Gold Mining
25:39 Fletching
28:09 Thumb Ring
27:48 Light Cavalry
28:30 Husbandry
32:09 Hand Cart
33:26 Bodkin Arrow
33:32 Padded Archer Armor
40:42 Imperial Age
42:53 Conscription
43:19 Conscription
44:18 Chain Barding Armor
43:59 Bracer
44:17 Leather Archer Armor
43:29 Heavy Cavalry Archer
44:37 Parthian Tactics
45:19 Ballistics
46:00 Chemistry
Milos_kbg
5:55 Loom
10:43 Feudal Age
13:12 Double-Bit Axe
17:46 Horse Collar
23:15 Castle Age
22:35 Scale Barding Armor
23:01 Forging
23:39 Light Cavalry
23:55 Pikeman
29:58 Scale Mail Armor
30:34 Iron Casting
30:37 Elite Skirmisher
33:06 Fervor
33:41 Fletching
37:56 Wheelbarrow
37:54 Padded Archer Armor
39:14 Squires
39:20 Heavy Plow
42:19 Bodkin Arrow
43:40 Hand Cart
44:43 Ballistics
44:34 Husbandry
Connection lost

Rejoining the realm…

Still unreachable

The connection could not be restored.

Session expired

The server has moved on; the page needs a fresh start.